 Dungeon Crawl Stone Soup version 0.21.1-1-g345015f (webtiles) character file.

361 theblackcape the Ruffian (level 6, -3/55 HPs)
             Began as a Troll Transmuter on June 9, 2018.
             Was a Believer of Wu Jian.
             Slain by inc's ghost (13 damage)
             ... on level 4 of the Dungeon.
             The game lasted 00:26:48 (2578 turns).

theblackcape the Ruffian (Troll Transmuter)         Turns: 2578, Time: 00:26:49

Health: -3/55      AC:  6    Str: 19    XL:     6   Next: 38%
Magic:  2/6        EV: 10    Int: 11    God:    Wu Jian [**....]
Gold:   181        SH:  0    Dex: 10    Spells: 4/7 levels left

rFire    . . .     SeeInvis .     - Unarmed
rCold    . . .     Gourm    +   (no shield)
rNeg     . . .     Faith    .   b - +0 robe
rPois    .         Spirit   .   (helmet restricted)
rElec    .         Reflect  .   w - +0 cloak (curse)
rCorr    .         Harm     .   (gloves unavailable)
MR       .....                  (boots unavailable)
Stlth    +.........             (no amulet)
HPRegen  0.58/turn              (no ring)
MPRegen  0.10/turn              (no ring)

@: no status effects
A: large, unfitting armour, claws 3, fast metabolism 3, gourmand, regeneration
1, shaggy fur 1, tough skin 2
a: Wall Jump, Renounce Religion


You were on level 4 of the Dungeon.
You worshipped Wu Jian.
Wu Jian was pleased with you.
You were very full.

You visited 1 branch of the dungeon, and saw 4 of its levels.
You also visited: Sewer.

You collected 181 gold pieces.

Inventory:

Missiles
 a - 39 arrows
Armour
 b - a +0 robe (worn)
 w - a cursed +0 cloak (worn)
Wands
 t - a wand of enslavement (10)
 u - a wand of disintegration (12)
Scrolls
 f - 2 scrolls of remove curse {unknown}
 g - a scroll of fog {unknown}
 i - 2 scrolls of teleportation
 j - 2 scrolls of identify {unknown}
 k - 4 scrolls of fear
 l - 2 scrolls of immolation {unknown}
 m - 5 scrolls of magic mapping {unknown}
 n - a scroll of random uselessness {unknown}
 r - a scroll of blinking {unknown}
 y - a scroll of acquirement {unknown}
 A - a scroll of amnesia {unknown}
Potions
 e - 4 potions of heal wounds {unknown}
 h - a potion of haste {unknown}
 o - 2 potions of degeneration {unknown}
 p - a potion of ambrosia {unknown}
 q - a potion of invisibility {unknown}
 s - 2 potions of flight {unknown}
 v - a potion of mutation {unknown}
 x - 2 potions of might {unknown}
 z - a potion of brilliance {unknown}
Books
 c - a book of Changes

   Spells                             Type                      Level
   a - Beastly Appendage              Transmutation                1
   b - Sticks to Snakes               Transmutation                2
   c - Spider Form                    Transmutation/Poison         3
   d - Ice Form                       Ice/Transmutation            4
   e - Blade Hands                    Transmutation                5
Comestibles
 d - 10 rations


   Skills:
 + Level 1.4 Fighting
 - Level 1.5 Dodging
 + Level 6.4 Unarmed Combat
 - Level 1.2 Spellcasting
 + Level 2.4 Transmutations


You had 4 spell levels left.
You knew the following spells:

 Your Spells              Type           Power        Failure   Level  Hunger
a - Beastly Appendage     Tmut           #.....       12%         1    ##.....
b - Sticks to Snakes      Tmut           #.......     17%         2    ###....


Dungeon Overview and Level Annotations

Branches:
Dungeon (4/15)
 Temple: D:4-7

Altars:
Wu Jian

Annotations:
D:4 inc's ghost, novice FoFi


Innate Abilities, Weirdness & Mutations

You are too large for most types of armour.
You have claws for hands.
Your metabolism is lightning-fast.
You like to eat raw meat.
Your natural rate of healing is unusually fast.
You are covered in fur. (AC +1)
You have very tough skin. (AC +2)


Message History

Your adder closely misses inc's ghost.
Your adder bites inc's ghost but does no damage.
You lunge at inc's ghost.
You claw inc's ghost!
Inc's ghost is severely damaged.
Your adder bites inc's ghost.
Inc's ghost hits your adder!
Your adder dies!
Inc's ghost turns its malevolent gaze towards you.
Your magical contamination has completely faded away.
You scratch inc's ghost.
Inc's ghost is almost destroyed.
Inc's ghost hits you!
* * * LOW HITPOINT WARNING * * *
You scratch inc's ghost.
Inc's ghost is almost destroyed.
Inc's ghost hits you.
* * * LOW HITPOINT WARNING * * *
You closely miss inc's ghost.
Inc's ghost is almost destroyed.
Inc's ghost hits you!
You die...

.... #......## # ..... ....
##......#### ...... ...##
#.......##. ..... ...#
#..###....#. #?.. #..##
#..# ##....# #...###
#...####..# ###..#
#.....####...##..# ##..
#............##..# ##...
#....$...W@......######....
#......######..........###.
.......### ##........## ##
##...## #...##...# ##.#
#..###..## #. #.#.#..## #
####..## ####


You could see inc's ghost.

Vanquished Creatures
  Purgy (D:3)
  A crocodile (Sewer)
  Ijyb (D:3)
  4 adders
  A river rat (D:3)
  3 dart slugs
  8 worms
  2 leopard geckos
  2 orcs (D:3)
  9 giant cockroaches
  9 goblins
  8 hobgoblins
  14 jackals
  A quokka (D:3)
  A ball python (D:3)
  4 bats
  3 frilled lizards
  8 kobolds
  8 rats
88 creatures vanquished.

Notes
Turn   | Place    | Note
-------+----------+-------------------------------------------
     0 | D:1      | theblackcape the Troll Transmuter began the quest for the Orb.
     0 | D:1      | Reached XP level 1. HP: 18/18 MP: 1/1
   266 | D:1      | Reached XP level 2. HP: 26/26 MP: 2/2
   650 | D:1      | You fall through a shaft!
   680 | D:2      | Found an ornate altar of the Wu Jian Council.
   694 | D:2      | Became a worshipper of the Wu Jian Council
   780 | D:2      | Reached skill level 4 in Unarmed Combat
   818 | D:2      | Reached XP level 3. HP: 20/32 MP: 3/3
  1108 | D:2      | Reached * piety under Wu Jian
  1611 | D:3      | Reached XP level 4. HP: 40/40 MP: 4/4
  1681 | D:3      | Noticed Purgy
  1716 | D:3      | Killed Purgy
  1716 | D:3      | Reached skill level 1 in Fighting
  1716 | D:3      | Reached skill level 5 in Unarmed Combat
  1716 | D:3      | Reached XP level 5. HP: 23/48 MP: 5/5
  1720 | D:3      | Learned a level 2 spell: Sticks to Snakes
  1798 | D:3      | Noticed Ijyb
  1807 | D:3      | Killed Ijyb
  1922 | D:3      | Reached skill level 6 in Unarmed Combat
  1999 | D:3      | Reached ** piety under Wu Jian
  2040 | D:3      | Reached XP level 6. HP: 55/55 MP: 6/6
  2045 | D:3      | Found a glowing drain.
  2049 | Sewer    | Entered a sewer
  2553 | D:4      | Noticed inc's ghost (novice FoFi)
  2578 | D:4      | Slain by inc's ghost

Skill      XL: |  1  2  3  4  5 |
---------------+----------------+-----
Unarmed Combat | 4 5 6 |  6.4
Fighting       | 1 |  1.4
Transmutations | 2 |  2.4
Dodging        | |  1.5
Spellcasting   | |  1.2

Action                   |  1- 3 |  4- 6 || total
-------------------------+-------+-------++-------
Melee: Unarmed           |   107 |   159 ||   266
       Headbutt          |     3 |     3 ||     6
       Punch             |     1 |     5 ||     6
       Kick              |     1 |     6 ||     7
 Cast: Beastly Appendage |    14 |     9 ||    23
       Sticks to Snakes  |       |     4 ||     4
Invok: Lunge             |    14 |     8 ||    22
       Whirlwind         |       |    14 ||    14
       Wall Jump         |       |     7 ||     7
  Use: Scroll            |       |     2 ||     2
 Stab: Sleeping          |     1 |     1 ||     2
  Eat: Chunk             |    18 |    12 ||    30
Armor: Robe              |    35 |    60 ||    95
Dodge: Dodged            |    40 |    78 ||   118
